NYP
CINCINNATI (NYP) REDS @ BATAVIA MUCKDOGS
06/20/2048
 
TOP OF THE 1ST
Cincinnati (NYP) Reds batting - Pitching for Batavia Muckdogs : RHP Rodolfo Mendez
Pitching: RHP Rodolfo Mendez
Batting: RHB Jon Marquez 0-0: Ball
1-0: Swinging Strike
1-1: Ball
2-1: Swinging Strike
2-2: Foul Ball, location: 2F
2-2: Ball
3-2: Strikes out swinging
Batting: RHB Kevin Larner 0-0: Called Strike
0-1: Called Strike
0-2: Foul Ball, location: 2F
0-2: Strikes out swinging
Batting: RHB Randy Grewe 0-0: Foul Ball, location: 2F
0-1: Ball
1-1: Ball
2-1: Ground out 6-3 (Groundball, 6, EV 86.2 MPH)
Top of the 1st over - 0 runs, 0 hits, 0 errors, 0 left on base; Cincinnati (NYP) 0 - Batavia 0
BOTTOM OF THE 1ST
Batavia Muckdogs batting - Pitching for Cincinnati (NYP) Reds : LHP Jesus Perez
Pitching: LHP Jesus Perez
Batting: SHB Justin Corbett 0-0: Ball
1-0: Foul Ball, location: 2F
1-1: Ball
2-1: Ball
3-1: Fly out, F8 (Line Drive, 8RM, EV 93.1 MPH)
Batting: RHB George Boivin 0-0: Ball
1-0: Called Strike
1-1: Called Strike
1-2: Ball
2-2: Foul Ball, location: 2F
2-2: Ground out 6-3 (Groundball, 56, EV 86.9 MPH)
Batting: RHB Justin Dunham 0-0: Ball
1-0: Foul Ball, location: 2F
1-1: Foul Ball, location: 2F
1-2: Ball
2-2: Foul Ball, location: 2F
2-2: Fly out, F5 (Line Drive, 5L, EV 67.5 MPH)
Bottom of the 1st over - 0 runs, 0 hits, 0 errors, 0 left on base; Cincinnati (NYP) 0 - Batavia 0
TOP OF THE 2ND
Cincinnati (NYP) Reds batting - Pitching for Batavia Muckdogs : RHP Rodolfo Mendez
Batting: LHB Brian Dickeson 0-0: Called Strike
0-1: Called Strike
0-2: Foul Ball, location: 2F
0-2: Ball
1-2: Foul Ball, location: 2F
1-2: Strikes out looking
Batting: RHB David Clough 0-0: Swinging Strike
0-1: Ground out 4-3 (Groundball, 4, EV 99.4 MPH)
Batting: SHB Cesar Pelayo 0-0: Foul Ball, location: 2F
0-1: Ball
1-1: Ball
2-1: Ground out 6-3 (Groundball, 6S, EV 65.0 MPH)
Top of the 2nd over - 0 runs, 0 hits, 0 errors, 0 left on base; Cincinnati (NYP) 0 - Batavia 0
BOTTOM OF THE 2ND
Batavia Muckdogs batting - Pitching for Cincinnati (NYP) Reds : LHP Jesus Perez
Batting: RHB Reomel Somera 0-0: Called Strike
0-1: Foul Ball, location: 2F
0-2: Ground out 6-3 (Groundball, 6, EV 107.5 MPH)
Batting: RHB Jim Fisher 0-0: Called Strike
0-1: Hit by Pitch
Batting: RHB Andy Kelly 0-0: Called Strike
0-1: Swinging Strike
0-2: Foul Ball, location: 2F
0-2: Foul Ball, location: 2F
0-2: Strikes out swinging
Batting: RHB Hiromitsu Yamada 0-0: Called Strike
0-1: Ball
1-1: Ball
2-1: Foul Ball, location: 2F
2-2: Fielders Choice at 2nd, 5-4 (Groundball, 56, EV 86.9 MPH)
Bottom of the 2nd over - 0 runs, 0 hits, 0 errors, 1 left on base; Cincinnati (NYP) 0 - Batavia 0
TOP OF THE 3RD
Cincinnati (NYP) Reds batting - Pitching for Batavia Muckdogs : RHP Rodolfo Mendez
Batting: RHB Tim Walter 0-0: Ball
1-0: Ball
2-0: Ball
3-0: Base on Balls
Batting: RHB R.J. Romberg 0-0: Ball
1-0: Swinging Strike
1-1: Ball
2-1: Ball
3-1: Grounds into double play, 4-6-3 (Groundball, 4, EV 101.2 MPH)
Batting: RHB Cyd Carver 0-0: Foul Ball, location: 2F
0-1: Ball
1-1: Foul Ball, location: 2F
1-2: Foul Ball, location: 2F
1-2: Ball
2-2: Foul Ball, location: 2F
2-2: Strikes out swinging
Top of the 3rd over - 0 runs, 0 hits, 0 errors, 0 left on base; Cincinnati (NYP) 0 - Batavia 0
BOTTOM OF THE 3RD
Batavia Muckdogs batting - Pitching for Cincinnati (NYP) Reds : LHP Jesus Perez
Batting: RHB Jeremy Dennis 0-0: Ball
1-0: Foul Ball, location: 2F
1-1: Swinging Strike
1-2: Strikes out looking
Batting: RHB Calvin Morin 0-0: Ball
1-0: Foul Ball, location: 2F
1-1: Fly out, F9 (Flyball, 9, EV 81.2 MPH)
Batting: SHB Justin Corbett 0-0: Called Strike
0-1: Foul Ball, location: 2F
0-2: Ball
1-2: Ball
2-2: Ball
3-2: Foul Ball, location: 2F
3-2: Foul Ball, location: 2F
3-2: Ground out 6-3 (Groundball, 6S, EV 72.5 MPH)
Bottom of the 3rd over - 0 runs, 0 hits, 0 errors, 0 left on base; Cincinnati (NYP) 0 - Batavia 0
TOP OF THE 4TH
Cincinnati (NYP) Reds batting - Pitching for Batavia Muckdogs : RHP Rodolfo Mendez
Batting: RHB Jon Marquez 0-0: Ball
1-0: Called Strike
1-1: Foul Ball, location: 2F
1-2: Ball
2-2: DOUBLE (Flyball, 8RXD, EV 98.8 MPH)
Batting: RHB Kevin Larner 0-0: Ground out 5-3 (Groundball, 56S, EV 85.6 MPH)
Batting: RHB Randy Grewe 0-0: Ball
1-0: Foul Ball, location: 2F
1-1: Foul Ball, location: 2F
1-2: Ball
2-2: Foul Ball, location: 2F
2-2: Ball
3-2: Base on Balls
Batting: LHB Brian Dickeson 0-0: Foul Ball, location: 2F
0-1: Ball
1-1: Called Strike
1-2: Ball
2-2: Ball
3-2: Base on Balls
Jon Marquez to third
Randy Grewe to second
Batting: RHB David Clough 0-0: Foul Ball, location: 2F
0-1: Called Strike
0-2: Foul Ball, location: 2F
0-2: Strikes out swinging
Batting: SHB Cesar Pelayo 0-0: Foul Ball, location: 2F
0-1: Swinging Strike
0-2: Strikes out looking
Top of the 4th over - 0 runs, 1 hit, 0 errors, 3 left on base; Cincinnati (NYP) 0 - Batavia 0
BOTTOM OF THE 4TH
Batavia Muckdogs batting - Pitching for Cincinnati (NYP) Reds : LHP Jesus Perez
Batting: RHB George Boivin 0-0: Ball
1-0: Called Strike
1-1: Reached on error, E5 (Groundball, 5L, EV 106.9 MPH)
Batting: RHB Justin Dunham 0-0: Called Strike
0-1: Fly out, F8 (Flyball, 8RM, EV 90.0 MPH)
Batting: RHB Reomel Somera 0-0: Called Strike
0-1: Foul Ball, location: 2F
0-2: Strikes out swinging
Batting: RHB Jim Fisher 0-0: Ball
George Boivin is caught stealing 2nd base 2-4
Bottom of the 4th over - 0 runs, 0 hits, 1 error, 0 left on base; Cincinnati (NYP) 0 - Batavia 0
TOP OF THE 5TH
Cincinnati (NYP) Reds batting - Pitching for Batavia Muckdogs : RHP Rodolfo Mendez
Batting: RHB Tim Walter 0-0: Ball
1-0: Ball
2-0: Ball
3-0: Base on Balls
Batting: RHB R.J. Romberg 0-0: Ball
1-0: Swinging Strike
1-1: Ball
2-1: Called Strike
2-2: Strikes out swinging
Batting: RHB Cyd Carver 0-0: Foul Ball, location: 2F
0-1: Foul Ball, location: 2F
0-2: Ball
1-2: Ball
Wild Pitch!
Tim Walter to second
2-2: SINGLE (Groundball, 3D, EV 94.4 MPH)
Tim Walter to third
Batting: RHB Jon Marquez 0-0: Ball
Passed Ball!
Tim Walter scores
Cyd Carver to second
1-0: Ball
2-0: Ball
3-0: Base on Balls
Batting: RHB Kevin Larner 0-0: Swinging Strike
0-1: Ball
Wild Pitch!
Cyd Carver to third
Jon Marquez to second
1-1: Called Strike
1-2: Ball
2-2: Foul Ball, location: 2F
2-2: Ground out 6-3 (Groundball, 6M, EV 87.5 MPH)
Batting: RHB Randy Grewe 0-0: Called Strike
0-1: Foul Ball, location: 2F
0-2: Strikes out swinging
Top of the 5th over - 1 run, 1 hit, 0 errors, 2 left on base; Cincinnati (NYP) 1 - Batavia 0
BOTTOM OF THE 5TH
Batavia Muckdogs batting - Pitching for Cincinnati (NYP) Reds : LHP Jesus Perez
Batting: RHB Jim Fisher 0-0: Called Strike
0-1: Foul Ball, location: 2F
0-2: Ball
1-2: TRIPLE (Flyball, 78XD, EV 98.1 MPH)
Batting: RHB Andy Kelly 0-0: Ball
1-0: Foul Ball, location: 2F
1-1: Called Strike
1-2: Foul Ball, location: 2F
1-2: Ground out 5-3 (Groundball, 56, EV 101.2 MPH)
Jim Fisher scores
Batting: RHB Hiromitsu Yamada 0-0: Ball
1-0: Called Strike
1-1: Ball
2-1: Ball
3-1: Called Strike
3-2: Ground out 4-3 (Groundball, 4, EV 83.1 MPH)
Batting: RHB Jeremy Dennis 0-0: Ball
1-0: Ball
2-0: Called Strike
2-1: Foul Ball, location: 2F
2-2: Foul Ball, location: 2F
2-2: Strikes out swinging
Bottom of the 5th over - 1 run, 1 hit, 0 errors, 0 left on base; Cincinnati (NYP) 1 - Batavia 1
TOP OF THE 6TH
Cincinnati (NYP) Reds batting - Pitching for Batavia Muckdogs : RHP Rodolfo Mendez
Batting: LHB Brian Dickeson 0-0: Called Strike
0-1: Called Strike
0-2: Foul Ball, location: 2F
0-2: Foul Ball, location: 2F
0-2: Foul Ball, location: 2F
0-2: Strikes out swinging
Batting: RHB David Clough 0-0: Fly out, F8 (Flyball, 8LS, EV 88.8 MPH)
Batting: SHB Cesar Pelayo 0-0: Ball
1-0: Swinging Strike
1-1: Swinging Strike
1-2: Strikes out looking
Top of the 6th over - 0 runs, 0 hits, 0 errors, 0 left on base; Cincinnati (NYP) 1 - Batavia 1
BOTTOM OF THE 6TH
Batavia Muckdogs batting - Pitching for Cincinnati (NYP) Reds : LHP Jesus Perez
Batting: RHB Calvin Morin 0-0: Ball
1-0: Called Strike
1-1: Swinging Strike
1-2: Foul Ball, location: 2F
1-2: Strikes out swinging
Batting: SHB Justin Corbett 0-0: Ball
1-0: Ball
2-0: Called Strike
2-1: Called Strike
2-2: Foul Ball, location: 2F
2-2: Ground out 5-3 (Groundball, 56S, EV 92.5 MPH)
Batting: RHB George Boivin 0-0: Ball
1-0: Called Strike
1-1: Fly out, F7 (Flyball, 78S, EV 95.0 MPH)
Bottom of the 6th over - 0 runs, 0 hits, 0 errors, 0 left on base; Cincinnati (NYP) 1 - Batavia 1
TOP OF THE 7TH
Cincinnati (NYP) Reds batting - Pitching for Batavia Muckdogs : RHP Rodolfo Mendez
Pitching: RHP Matt Slater
Batting: RHB Tim Walter 0-0: Ball
1-0: Ball
2-0: Ball
3-0: Called Strike
3-1: Called Strike
3-2: Foul Ball, location: 2F
3-2: Foul Ball, location: 2F
3-2: Foul Ball, location: 2F
3-2: Strikes out swinging
Batting: RHB R.J. Romberg 0-0: Ball
1-0: Ball
2-0: Ground out 5-3 (Groundball, 5S, EV 86.2 MPH)
Batting: RHB Cyd Carver 0-0: Ground out 5-3 (Groundball, 5S, EV 78.8 MPH)
Top of the 7th over - 0 runs, 0 hits, 0 errors, 0 left on base; Cincinnati (NYP) 1 - Batavia 1
BOTTOM OF THE 7TH
Batavia Muckdogs batting - Pitching for Cincinnati (NYP) Reds : LHP Jesus Perez
Batting: RHB Justin Dunham 0-0: Ground out 6-3 (Groundball, 6, EV 76.2 MPH)
Batting: RHB Reomel Somera 0-0: Ball
1-0: Ball
2-0: Ball
3-0: Called Strike
3-1: Base on Balls
Batting: RHB Jim Fisher 0-0: Ball
Reomel Somera is caught stealing 2nd base 2-4
1-0: Ball
2-0: Called Strike
2-1: Foul Ball, location: 2F
2-2: SINGLE (Line Drive, 9LS, EV 87.5 MPH)
Batting: RHB Andy Kelly 0-0: Ball
1-0: Called Strike
1-1: Foul Ball, location: 2F
1-2: Strikes out swinging
Bottom of the 7th over - 0 runs, 1 hit, 0 errors, 1 left on base; Cincinnati (NYP) 1 - Batavia 1
TOP OF THE 8TH
Cincinnati (NYP) Reds batting - Pitching for Batavia Muckdogs : RHP Matt Slater
Pinch Hitting: LHB Matthew Berry 0-0: Ball
1-0: Ball
2-0: Called Strike
2-1: Ball
3-1: Base on Balls
Pinch Hitting: SHB Kristian Kristensen 0-0: Bunted foul
0-1: Sac Bunt to 23 - play at first, batter OUT! 3-4
Matthew Berry to second
Batting: RHB Randy Grewe 0-0: Called Strike
0-1: Swinging Strike
0-2: Ball
1-2: Ball
2-2: Ball
3-2: Strikes out swinging
Batting: LHB Brian Dickeson 0-0: SINGLE (Groundball, 4MD, EV 95.0 MPH)
Matthew Berry to third
Throwing error, E8
Matthew Berry scores
Brian Dickeson to second
Batting: RHB David Clough 0-0: Called Strike
0-1: SINGLE (Flyball, 5D, EV 86.2 MPH)
Brian Dickeson to third
Runner from 3rd tries for Home, SAFE, throw by LF to home
Batting: SHB Cesar Pelayo 0-0: Called Strike
0-1: Called Strike
0-2: Ball
1-2: Ball
2-2: Ball
3-2: Strikes out swinging
Top of the 8th over - 2 runs, 2 hits, 1 error, 1 left on base; Cincinnati (NYP) 3 - Batavia 1
BOTTOM OF THE 8TH
Batavia Muckdogs batting - Pitching for Cincinnati (NYP) Reds : LHP Jesus Perez
Pitching: RHP Calisto Morda
Now at 3B: Cyd Carver
Now at SS: Akira Yamano
Now in LF: Tony Diaz
Batting: RHB Hiromitsu Yamada 0-0: Called Strike
0-1: Foul Ball, location: 2F
0-2: Strikes out swinging
Pinch Hitting: LHB Danny Treto 0-0: Called Strike
0-1: Swinging Strike
0-2: Ground out 5-3 (Groundball, 56S, EV 81.2 MPH)
Batting: RHB Calvin Morin 0-0: Ball
1-0: Called Strike
1-1: Foul Ball, location: 2F
1-2: Foul Ball, location: 2F
1-2: Strikes out swinging
Bottom of the 8th over - 0 runs, 0 hits, 0 errors, 0 left on base; Cincinnati (NYP) 3 - Batavia 1
TOP OF THE 9TH
Cincinnati (NYP) Reds batting - Pitching for Batavia Muckdogs : RHP Matt Slater
Now at 1B: Danny Treto
Now at 2B: Justin Dunham
Batting: RHB Tim Walter 0-0: Foul Ball, location: 2F
0-1: Foul Ball, location: 2F
0-2: Ball
1-2: Ball
2-2: Strikes out looking
Batting: RHB R.J. Romberg 0-0: Called Strike
0-1: Swinging Strike
0-2: Ball
1-2: Foul Ball, location: 2F
1-2: Strikes out swinging
Batting: RHB Cyd Carver 0-0: Ball
1-0: Foul Ball, location: 2F
1-1: Ball
2-1: Called Strike
2-2: Strikes out swinging
Top of the 9th over - 0 runs, 0 hits, 0 errors, 0 left on base; Cincinnati (NYP) 3 - Batavia 1
BOTTOM OF THE 9TH
Batavia Muckdogs batting - Pitching for Cincinnati (NYP) Reds : RHP Calisto Morda
Pitching: RHP Josh Pugh
Now at 1B: Ben Hinman
Now at 2B: Akira Yamano
Now at SS: Yasusaburo Kuwahara
Now in CF: Jason Pirkle
Now in RF: R.J. Romberg
Batting: SHB Justin Corbett 0-0: Ball
1-0: Foul Ball, location: 2F
1-1: Ball
2-1: Called Strike
2-2: Foul Ball, location: 2F
2-2: Strikes out swinging
Batting: RHB George Boivin 0-0: Ball
1-0: Swinging Strike
1-1: Swinging Strike
1-2: Ball
2-2: Ground out 6-3 (Groundball, 6, EV 80.0 MPH)
Batting: RHB Justin Dunham 0-0: Ball
1-0: Called Strike
1-1: Foul Ball, location: 2F
1-2: Foul Ball, location: 2F
1-2: Foul Ball, location: 2F
1-2: DOUBLE (Line Drive, 7LS, EV 93.1 MPH)
Batting: RHB Reomel Somera 0-0: Ball
1-0: Foul Ball, location: 2F
1-1: Foul Ball, location: 2F
1-2: Strikes out looking
Bottom of the 9th over - 0 runs, 1 hit, 0 errors, 1 left on base; Cincinnati (NYP) 3 - Batavia 1
Tuesday, March 28th , 2023 - OOTP Baseball 23.10 Build 110